 Dungeon Crawl Stone Soup version 0.29.1-15-g9cfb28693d (webtiles) character file.

Game seed: 5998516042378323040

43224 LustLizard the Destroyer (level 14, -6/124 HPs)
             Began as a Hill Orc Fire Elementalist on Mar 27, 2023.
             Was a High Priest of Beogh.
             Mangled by a large abomination (22 damage)
             ... on level 5 of the Lair of Beasts on Mar 29, 2023.
             The game lasted 00:57:58 (29375 turns).

LustLizard the Destroyer (HOFE)                    Turns: 29375, Time: 00:57:59

Health: -6/124     AC: 14    Str: 12    XL:     14   Next: 23%
Magic:  12/25      EV: 11    Int: 24    God:    Beogh [*****.]
Gold:   1360       SH:  0    Dex: 11    Spells: 9/27 levels left

rFire   . . .      SeeInvis .   E - +6 hand axe
rCold   . . .      Faith    .   (no shield)
rNeg    . . .      Spirit   .   W - +3 leather armour "Vucithre" {rCorr Int+5}
rPois   +          Reflect  .   o - +2 helmet
rElec   .          Harm     .   C - scarf {+Inv}
rCorr   +          Rampage  .   e - +1 pair of gloves
Will    +....                   w - +2 pair of boots
Stlth   +.........              (no amulet)
HPRegen 0.00/turn               y - ring of wizardry
MPRegen 0.19/turn               M - ring "Jabby" {rPois Slay+3}

@: about to teleport, sick
A: walk on water
a: Renounce Religion, Evoke Invisibility, Smiting, Recall Orcish Followers, Give
Item to Named Follower


You were on level 5 of the Lair of Beasts.
You worshipped Beogh.
Beogh was extremely pleased with you.
You visited 2 branches of the dungeon, and saw 16 of its levels.
You also visited: Ossuary.

You collected 1360 gold pieces.

Inventory:

Hand Weapons
 E - a +6 hand axe (weapon)
Armour
 e - a +1 pair of gloves (worn)
 o - a +2 helmet (worn)
 w - a +2 pair of boots (worn)
 C - a scarf of invisibility (worn)
 N - +0 swamp dragon scales
 W - the +3 leather armour "Vucithre" (worn) {rCorr Int+5}
   (You found it on level 3 of the Lair of Beasts)

   Int:       It affects your intelligence (+5).
   rCorr:     It protects you from acid and corrosion.
Magical Staves
 c - a staff of fire
Jewellery
 f - a +4 ring of slaying
 y - a ring of wizardry (left hand)
 A - a +4 ring of evasion
 K - a ring of positive energy
 L - a ring of wizardry
 M - the ring "Jabby" (right hand) {rPois Slay+3}
   (You took it off Maggie on level 10 of the Dungeon)

   [ring of poison resistance]

   Slay:      It affects your accuracy & damage with ranged weapons and melee
   (+3).
   rPois:     It protects you from poison.
 O - a ring of ice
 P - a ring of resist corrosion
 S - a ring of fire
 X - a ring of positive energy
 Y - a ring of positive energy
 Z - an amulet of regeneration
Wands
 a - a wand of mindburst (5)
 F - a wand of iceblast (9)
 H - a wand of polymorph (10)
 T - a wand of paralysis (3)
Scrolls
 h - a scroll of butterflies {unknown}
 j - 2 scrolls of immolation {unknown}
 l - 2 scrolls of vulnerability
 m - 3 scrolls of enchant weapon
 n - 2 scrolls of blinking
 r - a scroll of silence {unknown}
 s - a scroll of brand weapon {unknown}
 t - a scroll of magic mapping {unknown}
 u - a scroll of poison
 x - 3 scrolls of amnesia
 D - 3 scrolls of enchant armour
 I - 2 scrolls of fear {unknown}
 J - a scroll of torment {unknown}
Potions
 b - 2 potions of flight
 d - 2 potions of curing
 g - 2 potions of brilliance
 k - a potion of haste
 q - 4 potions of might
 z - a potion of mutation {unknown}
 B - 3 potions of cancellation
 G - a potion of ambrosia {unknown}
 Q - 2 potions of berserk rage
 R - 2 potions of attraction
Miscellaneous
 p - a lightning rod (4/4)
 U - a phial of floods
 V - a tin of tremorstones (2/2)


   Skills:
 + Level 11.1 Fighting
 + Level 2.1 Axes
 - Level 1.5 Dodging
 - Level 1.5 Stealth
 + Level 7.3 Spellcasting
 * Level 13.1 Conjurations
 - Level 9.0 Fire Magic
 * Level 10.0 Earth Magic
 + Level 10.7 Invocations
 - Level 6.0 Evocations


You had 9 spell levels left.
You knew the following spells:

 Your Spells              Type           Power      Damage    Failure   Level
a - Foxfire               Conj/Fire      100%       2x1d9     1%          1
b - Scorch                Fire           100%       2d10      1%          2
c - Inner Flame           Hex/Fire       30%        N/A       1%          3
d - Flame Wave            Conj/Fire      58%        2d14      1%          4
e - Blink                 Tloc           16%        N/A       5%          2
f - Iron Shot             Conj/Erth      29%        9d6       4%          6

Your spell library contained the following spells:

 Spells                   Type           Power      Damage    Failure   Level
 Magic Dart               Conj           100%       1d8       1%          1
 Conjure Flame            Conj/Fire      58%        6-21      1%          3
 Mephitic Cloud           Conj/Pois/Air  29%        N/A       1%          3
 Fireball                 Conj/Fire      29%        3d13      1%          5
 Iskenderun's Battlesphe  Conj           64%        2d11      1%          5
 Fulminant Prism          Conj/Hex       20%        3d13      2%          4
 Ignite Poison            Fire/Tmut/Pois 23%        N/A       3%          3
 Animate Armour           Summ/Erth      64%        N/A       4%          4
 Call Imp                 Summ           8%         N/A       5%          2
 Frozen Ramparts          Ice            16%        1d3       11%         3
 Orb of Destruction       Conj           32%        9d10      14%         7
 Freezing Cloud           Conj/Ice/Air   14%        6-21      16%         5
 Ice Form                 Ice/Tmut       8%         N/A       32%         4
 Summon Ice Beast         Ice/Summ       8%         N/A       32%         4
 Conjure Ball Lightning   Conj/Air       20%        3x3d6     34%         6
 Blade Hands              Tmut           4%         N/A       65%         5
 Manifold Assault         Tloc           8%         N/A       65%         5
 Silence                  Hex/Air        4%         N/A       65%         5
 Storm Form               Tmut/Air       4%         N/A       100%        7


Dungeon Overview and Level Annotations

Branches:
Dungeon (11/15)            Temple (0/1) D:7            Lair (5/5) D:8
  Swamp (0/4) Lair:3        Snake (0/4) Lair:3        Slime (0/5) Lair:4
    Orc (0/2) D:10        Ossuary (visited)

Altars:
Ashenzari
Cheibriados
Elyvilon
Fedhas
Hepliaklqana
Nemelex Xobeh
Okawaru
Qazlal
Ru
Trog
Uskayaw
Zin

Shops:
D:9 (

Annotations:
D:7 3 runed translucent doors, 0gre's ghost, novice GnIE; KreenWarrior's ghost, novice DsMo
D:11 Urug


Message History

Casting: Flame Wave (safe; 1% risk of failure)
Confirm with . or Enter, or press ? or * to list all spells.
Restarting spell: Flame Wave (safe; 1% risk of failure)
Press: ? - help, Dir - look around, f - activate A wave of flame ripples out!
The flame wave engulfs the large abomination but does no damage.
The large abomination is lightly damaged.
The flame wave engulfs the ancient zyme!
The ancient zyme is almost destroyed. (Press . to intensify the flame waves.)
The smoke demon gestures at you. Something smites you!
The ancient zyme misses you. The ancient zyme hits you.
The large abomination hits you!!
A wave of flame ripples out!
The flame wave engulfs the large abomination!
The large abomination is heavily damaged.
The flame wave engulfs the ancient zyme!
You destroy the ancient zyme!
Beogh accepts your kill. The large abomination hits you!
* * * LOW HITPOINT WARNING * * *
The smoke demon gestures at you. The ball of steam misses you.
The forest fire spreads!
As you read the scroll of teleportation, it crumbles to dust.
You feel strangely unstable.
You are engulfed in a cloud of scalding steam.
* * * LOW HITPOINT WARNING * * *
The large abomination completely misses you.
The forest fire spreads!
The large abomination closely misses you.
The smoke demon is engulfed in blazing flames.
The smoke demon gestures at you. Something smites you!
* * * LOW HITPOINT WARNING * * *
Unknown command.
The smoke demon is engulfed in blazing flames.
The forest fire spreads!
The large abomination is engulfed in blazing flames.
The large abomination hits you!!
You die...

♣♣....v§♣♣♣♣♣♣.......♣
..†...♣♣♣ ♣♣..♣♣♣♣♣
......♣ ♣♣♣♣♣..♣♣
...♣♣...♣♣.......♣♣
♣♣♣♣♣♣.......♣°♣°.♣♣ ♣
♣♣♣.♣♣♣§♣§♣§.♣ ♣
♣♣♣§§§§§.♣ ♣§§§§§§♣♣
♣§§.@§♣ ♣§§†X§♣
♣3§.§§♣ Xl..§§§.♣♣♣
x♣♣♣!♣♣♣♣ ... ♣♣♣ ...♣
♣♣... ♣♣♣ .†...


You could see a large abomination and a smoke demon.

Vanquished Creatures
  An eleionoma (shapeshifter) (Lair:5)
  8 hydras
  A boulder beetle (D:11)
  A catoblepas (Lair:2)
  A centaur warrior (D:10)
  3 death yaks (Lair:4)
  A bog body (Lair:3)
  Pikel (D:6)
  A lindwurm (Lair:5)
  2 oklob plants (Lair:4)
  2 cyclopes (D:10)
  8 black mambas
  6 cane toads
  2 gargoyles (D:11)
  An unseen horror (D:7)
  Maggie (D:10)
  7 komodo dragons
  A rime drake (Lair:2)
  2 ancient zymes (Lair:5)
  2 polar bears
  2 trolls
  6 dream sheep (Lair:4)
  24 blink frogs
  2 spriggans
  A shadow (D:9)
  3 basilisks
  5 wyverns
  51 yaks
  A steam dragon (D:9)
  A chaos spawn (Lair:5)
  4 swamp worms (Lair:3)
  5 water moccasins
  4 orc warriors
  2 sky beasts
  4 black bears
  3 ice beasts
  3 ogres
  A centaur (D:8)
  6 wolves (Lair:4)
  2 lemures (D:6)
  A phantom (D:5)
  An elf zombie (Ossuary)
  13 bullfrogs
  2 necrophages
  4 scorpions
  4 small abominations (Lair:5)
  9 wights
  7 killer bees
  An electric eel (Lair:3)
  6 hounds
  2 gnoll boudas
  3 orc priests
  3 iguanas
  8 orc wizards
  2 mummies (Ossuary)
  10 gnolls
  8 adders
  A shadow imp (D:5)
  An ufetubus (D:4)
  5 worms
  3 dart slugs
  25 orcs
  4 bats
  6 endoplasms
  3 giant cockroaches
  11 hobgoblins
  11 jackals
  3 kobolds
  7 quokkas
  2 ball pythons
  5 frilled lizards
  3 gnoll zombies (Ossuary)
  9 goblins
  5 goblin zombies (Ossuary)
  4 hobgoblin zombies (Ossuary)
  An orc zombie (Ossuary)
  5 rats
  A spectral hobgoblin (D:6)
  A bush (Lair:3)
382 creatures vanquished.

Vanquished Creatures (collateral kills)
  A large abomination (Lair:5)
  A swamp dragon (shapeshifter) (Lair:5)
  A guardian serpent (shapeshifter) (Lair:5)
  3 blink frogs (Lair:5)
  A shadow (D:11)
  2 basilisks (Lair:5)
  A killer bee (D:11)
  4 small abominations (Lair:5)
  13 foxfires
27 creatures vanquished.

Vanquished Creatures (others)
  An orc knight (Lair:5)
  2 orc warriors
  An orc priest (D:4)
  2 orcs (D:11)
  2020 foxfires
  65 fungi
  71 plants
  6 withered plants (D:7)
2168 creatures vanquished.

Grand Total: 2577 creatures vanquished

Notes
Turn   | Place    | Note
-------+----------+-------------------------------------------
     0 | D:1      | LustLizard the Hill Orc Fire Elementalist began the quest
                  | for the Orb.
     0 | D:1      | Reached XP level 1. HP: 14/14 MP: 3/3
   292 | D:1      | Reached XP level 2. HP: 22/22 MP: 0/4
   782 | D:1      | Reached skill level 1 in Fighting
  1341 | D:1      | Reached XP level 3. HP: 28/28 MP: 2/5
  1713 | D:2      | Reached skill level 2 in Conjurations
  1871 | D:2      | Reached XP level 4. HP: 35/35 MP: 1/6
  2674 | D:3      | Found a faded altar of an unknown god.
  3831 | D:3      | Learned a level 2 spell: Scorch
  3936 | D:3      | Reached XP level 5. HP: 36/41 MP: 3/8
  4284 | D:4      | Reached skill level 3 in Conjurations
  4662 | D:4      | Reached skill level 5 in Fire Magic
  4662 | D:4      | Reached XP level 6. HP: 17/50 MP: 0/9
  5171 | D:4      | Became a worshipper of Beogh the Brigand
  5603 | D:4      | Found a glowing silver altar of Zin.
  5610 | D:4      | Found a snail-covered altar of Cheibriados.
  5615 | D:4      | Found a broken altar of Ashenzari.
  5813 | D:4      | Found a bloodstained altar of Trog.
  5930 | D:5      | Entered Level 5 of the Dungeon
  5992 | D:5      | Reached XP level 7. HP: 57/57 MP: 2/10
  6047 | D:5      | Reached skill level 4 in Conjurations
  6145 | D:5      | Found a sand-covered staircase.
  6240 | Ossuary  | Entered an ossuary
  6669 | Ossuary  | Reached * piety under Beogh
  6987 | D:5      | Found a white marble altar of Elyvilon.
  7183 | D:5      | Reached XP level 8. HP: 66/66 MP: 4/12
  7201 | D:5      | Reached skill level 5 in Conjurations
  8196 | D:5      | Reached skill level 5 in Fighting
  8263 | D:5      | Reached skill level 6 in Conjurations
  8517 | D:5      | Learned a level 3 spell: Inner Flame
  8522 | D:5      | Learned a level 4 spell: Flame Wave
  8549 | D:6      | Noticed Pikel
  8774 | D:6      | Killed Pikel
  8775 | D:6      | Reached XP level 9. HP: 73/75 MP: 5/14
  8851 | D:6      | Learned a level 2 spell: Blink
  9165 | D:6      | Reached ** piety under Beogh
  9166 | D:6      | Reached skill level 7 in Conjurations
  9352 | D:6      | Found a hazy altar of Hepliaklqana.
  9357 | D:6      | Reached skill level 1 in Evocations
  9929 | D:7      | Found a staircase to the Ecumenical Temple.
 10012 | D:7      | Found a runed translucent gate.
 10013 | D:7      | Found a runed translucent gate.
 10013 | D:7      | Found a runed translucent gate.
 10015 | D:7      | Noticed KreenWarrior's ghost (novice DsMo)
 10015 | D:7      | Noticed 0gre's ghost (novice GnIE)
 10058 | D:7      | Found a sacrificial altar of Ru.
 10061 | D:7      | Found a sparkling altar of Nemelex Xobeh.
 10062 | D:7      | Found a stormy altar of Qazlal.
 10233 | D:7      | Killed an unseen horror
 10397 | D:7      | Found an iron altar of Okawaru.
 10399 | D:7      | Found a blossoming altar of Fedhas.
 10571 | D:7      | Reached XP level 10. HP: 84/84 MP: 10/16
 11365 | D:8      | Reached skill level 8 in Conjurations
 11456 | D:8      | Found a staircase to the Lair.
 11682 | D:8      | Found a hide-covered altar of Uskayaw.
 12138 | D:8      | Reached skill level 5 in Invocations
 12359 | D:8      | Reached skill level 5 in Evocations
 12654 | D:9      | Found Gukhudi's Weapon Shop.
 12667 | D:9      | Learned a level 6 spell: Iron Shot
 13061 | D:9      | Reached skill level 1 in Earth Magic
 13495 | D:10     | Entered Level 10 of the Dungeon
 13548 | D:10     | Reached skill level 5 in Spellcasting
 13556 | D:10     | Noticed a cyclops
 13771 | D:10     | Reached XP level 11. HP: 92/92 MP: 10/18
 13821 | D:9      | Reached skill level 9 in Conjurations
 14118 | D:10     | Found a staircase to the Orcish Mines.
 14355 | D:9      | Reached *** piety under Beogh
 14444 | D:10     | Noticed a cyclops
 14520 | D:10     | Noticed Maggie
 15055 | D:10     | Killed a cyclops
 15150 | D:10     | Identified the ring "Jabby" {rPois Slay+3}
 15173 | D:10     | Killed Maggie
 15376 | D:10     | Killed a cyclops
 15549 | D:10     | Noticed a centaur warrior
 15559 | D:10     | Killed a centaur warrior
 16452 | D:11     | Noticed a boulder beetle
 16497 | D:11     | Killed a boulder beetle
 16958 | D:11     | Noticed Urug
 17039 | Lair:1   | Entered Level 1 of the Lair of Beasts
 17099 | Lair:1   | Reached skill level 10 in Conjurations
 17236 | D:8      | Reached skill level 5 in Earth Magic
 17381 | D:8      | Reached XP level 12. HP: 69/103 MP: 2/20
 19178 | Lair:2   | Reached **** piety under Beogh
 19426 | Lair:2   | Noticed an eight-headed hydra
 19433 | Lair:2   | Killed an eight-headed hydra
 19630 | Lair:2   | Noticed a seven-headed hydra
 19649 | Lair:1   | Reached skill level 11 in Conjurations
 20577 | Lair:2   | Killed a seven-headed hydra
 20858 | Lair:3   | Found a staircase to the Snake Pit.
 20876 | Lair:3   | Noticed an eight-headed hydra
 21470 | Lair:3   | Killed an eight-headed hydra
 21485 | Lair:3   | Noticed a catoblepas
 21736 | Lair:2   | Killed a catoblepas
 21737 | Lair:2   | Reached XP level 13. HP: 113/113 MP: 8/22
 22327 | Lair:3   | Got the Tractate on Imprecation
 22352 | Lair:3   | Reached skill level 10 in Fighting
 22810 | Lair:3   | Identified the +3 leather armour "Vucithre" {rCorr Int+5}
 23774 | Lair:3   | Reached skill level 12 in Conjurations
 24135 | Lair:3   | Found a staircase to the Swamp.
 25881 | Lair:4   | Found a staircase to the Slime Pits.
 25962 | Lair:4   | Reached skill level 10 in Invocations
 27169 | Lair:5   | Entered Level 5 of the Lair of Beasts
 27215 | Lair:5   | Gained Koronagh as an ally
 27728 | Lair:5   | Reached XP level 14. HP: 122/122 MP: 5/24
 28049 | Lair:5   | Reached skill level 1 in Axes
 28066 | Lair:5   | Reached ***** piety under Beogh
 28067 | Lair:5   | Your ally Koronagh died
 28078 | Lair:5   | Reached skill level 13 in Conjurations
 28115 | Lair:5   | HP: 5/124 [small abomination (12)]
 28523 | Lair:5   | Noticed an eleionoma
 28523 | Lair:5   | an alligator snapping turtle changed into an eleionoma
 28548 | Lair:5   | Killed an eleionoma
 29134 | Lair:5   | Reached skill level 10 in Earth Magic
 29375 | Lair:5   | Mangled by a large abomination

Illustrated notes

Levels and vault maps discovered:
D:1:      matt_arrival_spirals, layout_loops_ring
D:2:      layout_loops_ring
D:3:      kb_forest_paths, layout_basic, hellmonk_ecumenical_altar_prayer_group
D:4:      layout_loops_ring, lemuel_coloured_pillars_altar,
          minmay_overflow_temple_star_quad
D:5:      minmay_opposing_rooms, layout_loops_ring, kennysheep_mini_moat,
          nicolae_ossuary_entry_ruins, kennysheep_generic_room_13
D:6:      layout_loops_ring, nicolae_hepliaklqana_monster_ancestors, uniq_pikel
D:7:      layout_loops_ring, grunt_temple_overflow_open,
          nicolae_overflow_hidden_temple, minmay_temple_entry_gardened_gates,
          gammafunk_ghost_cemetery
D:8:      layout_rooms, lemuel_doored_altar, grunt_lair_entry_orc_guard_hut
D:9:      layout_loops_cross, serial_shops, nicolae_shop_advertising_works
          [nicolae_subvault_shop_adworks]
D:10:     layout_stronghold, david_orc_2, enter_bailey_6, minmay_radiant,
          uniq_maggie
D:11:     layout_loops_ring, uniq_urug
Lair:1:   layout_hall_layers, nicolae_lair_lil_pond
Lair:2:   layout_regular_city, serial_bayou_shore_a, grunt_megastairs_2
Lair:3:   layout_loops_ring, nicolae_swamp_entry_splash_gauntlet,
          dummy_snake_entry, grunt_forest_large_clearing_hut
Lair:4:   layout_regular_city, minmay_slime_entry_oklob_enclosed
Lair:5:   hellmonk_lair_end_abyssal_woods, layout_regular_city,
          infiniplex_staircase_pool_2, uniq_kirke

Skill      XL: |  1  2  3  4  5  6  7  8  9 10 11 12 13 14 |
---------------+-------------------------------------------+-----
Fighting       | 1 2 3 4 5 6 7 8 9 10 11 | 11.1
Conjurations   | 2 3 4 6 7 8 10 11 12 13 | 13.1
Fire Magic     | 4 5 6 7 8 9 |  9.0
Spellcasting   | 2 3 4 5 6 7 |  7.3
Invocations    | 2 3 5 7 9 10 | 10.7
Evocations     | 3 5 6 |  6.0
Earth Magic    | 1 5 7 9 10 | 10.0
Axes           | 2 |  2.1
Dodging        | |  1.5
Stealth        | |  1.5

Action                   |  1- 3 |  4- 6 |  7- 9 | 10-12 | 13-15 || total
-------------------------+-------+-------+-------+-------+-------++-------
Melee: Club              |    27 |    63 |     8 |       |       ||    98
       Unarmed           |     1 |       |       |       |       ||     1
       Mace              |       |       |     2 |       |       ||     2
       Staff             |       |       |     1 |   117 |    53 ||   171
       Punch             |       |       |       |     2 |     1 ||     3
       Hand axe          |       |       |       |       |    52 ||    52
 Cast: Foxfire           |    64 |   130 |   198 |   511 |   247 ||  1150
       Scorch            |       |     5 |    37 |   161 |    65 ||   268
       Blink             |       |       |       |     5 |     1 ||     6
       Inner Flame       |       |       |       |     8 |    10 ||    18
       Iron Shot         |       |       |       |       |    45 ||    45
       Flame Wave        |       |       |       |       |     2 ||     2
Invok: Convert to Beogh  |       |     1 |       |       |       ||     1
Evoke: Wand              |       |       |       |       |     1 ||     1
  Use: Scroll            |       |       |     5 |    14 |     8 ||    27
       Potion            |       |       |     1 |     2 |    10 ||    13
 Stab: Sleeping          |     1 |       |       |       |       ||     1
Armor: Robe              |     8 |    30 |    36 |    38 |       ||   112
       Swamp dragon scal |       |       |       |   114 |    24 ||   138
       Leather armour    |       |       |       |       |    84 ||    84
Dodge: Dodged            |    24 |    88 |    43 |   306 |   151 ||   612
